 Dungeon Crawl Stone Soup version 0.28-a0-533-g9f97627e2a (webtiles) character file.

Game seed: 11715815179202314873

11 omnomnOMINOUS the Skirmisher (level 2, 0/22 HPs)
             Began as an Octopode Wanderer on Sept 25, 2021.
             Frozen to death by an endoplasm (4 damage)
             ... on level 1 of the Dungeon.
             The game lasted 00:02:27 (148 turns).

omnomnOMINOUS the Skirmisher (Octopode Wanderer)     Turns: 148, Time: 00:02:27

Health: 0/22       AC:  1    Str: 10    XL:     2   Next: 25%
Magic:  0/2        EV: 13    Int: 16    God:
Gold:   0          SH:  0    Dex: 10    Spells: 1/1 levels left

rFire   . . .      SeeInvis .   a - +2 mace
rCold   . . .      Faith    .   (no shield)
rNeg    . . .      Spirit   +   (helmet restricted)
rPois   .          Reflect  .   e - amulet of guardian spirit
rElec   .          Harm     .   (no ring)
rCorr   .          Rampage  .   (no ring)
Will    .....                   (no ring)
Stlth   ++........              (no ring)
HPRegen 0.07/turn               (no ring)
MPRegen 0.08/turn               (no ring)
                                (no ring)
                                (no ring)

@: no status effects
A: almost no armour, amphibious, 8 rings, camouflage 1, gelatinous body 1,
(nimble swimmer 1), tentacles
a: no special abilities


You were on level 1 of the Dungeon.
You visited 1 branch of the dungeon, and saw 1 of its levels.

Inventory:

Hand Weapons
 a - a +2 mace (weapon)
Magical Staves
 d - a staff of conjuration
Jewellery
 e - an amulet of guardian spirit (around mantle)
Scrolls
 b - a scroll of teleportation
Potions
 c - a potion of curing
 f - a potion of flight {unknown}


   Skills:
 - Level 4.0 Fighting
 - Level 1.0 Maces & Flails
 + Level 1.8 Dodging
 - Level 2.0 Necromancy
 - Level 1.0 Earth Magic
 - Level 2.1 Evocations


You had one spell level left.
You didn't know any spells.
Your spell library was empty.

Dungeon Overview and Level Annotations

Branches:
Dungeon (1/15)

Altars:

Shops:
D:1 (


Innate Abilities, Weirdness & Mutations

You cannot wear most types of armour.
You are amphibious.
You can wear up to eight rings at the same time.
Your skin changes colour to match your surroundings (Stealth+).
Your rubbery body absorbs attacks. (AC +1, EV +1)
((You are camouflaged near water. (Stealth+)))
You have tentacles for arms and can constrict up to eight enemies at once.


Message History

A rat comes into view.
The frilled lizard bites you.
* * * LOW HITPOINT WARNING * * *
You have reached level 2!
The jackal bites you.
* * * LOW HITPOINT WARNING * * *
You closely miss the jackal. You grab the jackal. You squeeze the jackal.
You kill the jackal!
You closely miss the frilled lizard. Your grab misses the frilled lizard.
The frilled lizard bites you.
* * * LOW HITPOINT WARNING * * *
The frilled lizard barely misses you.
You completely miss the frilled lizard. Your grab misses the frilled lizard.
The frilled lizard bites you.
You miss the frilled lizard. Your grab misses the frilled lizard.
You squeeze the frilled lizard.
You kill the frilled lizard!
The hobgoblin closely misses you.
You hit the hobgoblin. You grab the hobgoblin.
The hobgoblin is moderately wounded.
You constrict the hobgoblin. The hobgoblin barely misses you.
You hit the hobgoblin.
You kill the hobgoblin!
The hobgoblin hits you.
* * * LOW HITPOINT WARNING * * *
You hit the hobgoblin. Your grab misses the hobgoblin.
The hobgoblin is lightly wounded.
The hobgoblin barely misses you.
You barely miss the hobgoblin. Your grab misses the hobgoblin.
The hobgoblin misses you.
You closely miss the hobgoblin. You grab the hobgoblin.
You constrict the hobgoblin, but do no damage.
The hobgoblin closely misses you. x2
You hit the hobgoblin but do no damage. You constrict the hobgoblin.
The hobgoblin closely misses you.
You sock the hobgoblin!
You kill the hobgoblin!
The endoplasm freezes you.
You are frozen.
You die...

#.# #.# ### #.# ..# #.# #.## #.#
######### #.##.####.# #.......#
#.##....#.#############.#####.#
#.#####.......J@........# #.#
##.†.......###########+#### #.#
†..####.J......# #PP#.#PP## #.#
)?..........##.###P.P#.#≈≈P###.##
.............# ##PPP.#.#≈≈≈P##...
#.........#..# #PP...#.#≈≈≈≈P#.##
#####...#.#....#PPP..#.#≈≈≈≈P#.#
....#.#.##########.#######.#
##...#.# +......<......+.#


You could see an endoplasm.

Vanquished Creatures
  A bat (D:1)
  2 hobgoblins (D:1)
  4 jackals (D:1)
  A quokka (D:1)
  A ball python (D:1)
  A frilled lizard (D:1)
10 creatures vanquished.

Notes
Turn   | Place    | Note
-------+----------+-------------------------------------------
     0 | D:1      | omnomnOMINOUS the Octopode Wanderer began the quest for the
                  | Orb.
     0 | D:1      | omnomnOMINOUS set off with the following items: a +2 mace,
                  | a scroll of teleportation, a potion of curing
     0 | D:1      | Reached XP level 1. HP: 17/17 MP: 1/1
    10 | D:1      | Found Zetomutz's Antique Weapon Emporium.
   115 | D:1      | Reached skill level 1 in Dodging
   126 | D:1      | Reached XP level 2. HP: 7/22 MP: 0/2
   148 | D:1      | Frozen to death by an endoplasm

Illustrated notes

Levels and vault maps discovered:
D:1:      psy_arrival_terrarium, layout_basic, serial_shops,
          nicolae_square_shop, minmay_split_cup_small

Skill      XL: |  1 |
---------------+----+-----
Dodging        | 1 |  1.8
Fighting       | |  4.0
Maces & Flails | |  1.0
Necromancy     | |  2.0
Earth Magic    | |  1.0
Evocations     | |  2.1

Action                   || total
-------------------------++-------
Melee: Mace              ||    22
       Constrict         ||     6
       Tentacles         ||     3
 Stab: Sleeping          ||     1
Armor: Skin              ||     1
Dodge: Dodged            ||    15

Table legend: (Time is in decaauts)
 A = Elapsed time spent in this place.
 B = Non-inter-level travel time spent in this place.
 C = Inter-level travel time spent in this place.
 D = Time resting spent in this place.
 E = Time spent auto-exploring this place.
 F = Levels seen in this place.
 G = Mean time per level.
                   A        B        C        D        E       F      G
               +--------+--------+--------+--------+--------+-----+--------+
         Total |    155 |    155 |      0 |      0 |     70 |   1 |  155.0 |
       Dungeon |    155 |    155 |      0 |      0 |     70 |   1 |  155.0 |
               +--------+--------+--------+--------+--------+-----+--------+

Top non-repeatable levels by time:
     D:1: 155 daAuts
